 Dungeon Crawl Stone Soup version 0.29.0-4-gdea44cf6ec (webtiles) character file.

Game seed: 7336448346339689878

179937 qw the Peltast (level 18, -13/119 HPs)
             Began as a Gargoyle Berserker on Sept 6, 2022.
             Was an Elder of Trog.
             Hit by a silver javelin thrown by a merfolk javelineer (16 damage)
             ... on level 4 of the Shoals.
             The game lasted 00:12:54 (37358 turns).

qw the Peltast (Gargoyle Berserker)                Turns: 37358, Time: 00:12:54

Health: -13/119    AC: 46    Str: 29    XL:     18   Next: 25%
Magic:  18/18      EV: 16    Int:  8    God:    Trog [****..]
Gold:   1120       SH: 24    Dex:  9    Spells: 17/17 levels left

rFire   . . .      SeeInvis .   s - +4 broad axe (protect)
rCold   . . .      Faith    .   q - +0 tower shield
rNeg    + . .      Spirit   .   k - +0 plate armour
rPois   inf        Reflect  +   g - +1 hat
rElec   +          Harm     .   h - +2 cloak
rCorr   .          Rampage  .   v - +1 pair of gloves
Will    +....                   i - +1 pair of boots
Stlth   ..........              m - amulet of reflection
HPRegen 0.29/turn               o - +4 ring of evasion
MPRegen 0.16/turn               p - +4 ring of evasion

@: about to teleport, under a protective aura, on berserk cooldown, flying,
slowed, very slow
A: sickness immunity, AC +13, big wings, negative energy resistance 1,
electricity resistance, torment resistance 1, petrification resistance, horns 1,
MP-powered wands
a: Renounce Religion, Berserk, Trog's Hand, Brothers in Arms


You were on level 4 of the Shoals.
You worshipped Trog.
Trog was greatly pleased with you.
You visited 5 branches of the dungeon, and saw 29 of its levels.

You collected 4021 gold pieces.
You spent 2901 gold pieces at shops.


Innate Abilities, Weirdness & Mutations

You are immune to sickness and miasma.
Your stone body is resilient. (AC +13)
You are immune to poison.
Your large and strong wings let you fly.
You resist negative energy. (rN+)
You are resistant to electric shocks. (rElec)
You are resistant to unholy torment.
You are immune to petrification.
You have a pair of small horns on your head.
You expend magic power (3 MP) to strengthen your wands.


   Skills:
 - Level 15.0 Fighting
 - Level 18.0 Axes
 - Level 7.1 Throwing
 - Level 14.0 Armour
 - Level 4.1 Dodging
 + Level 18.4 Shields


You had 17 spell levels left.
You didn't know any spells.
Your spell library was empty.

Inventory:

Hand Weapons
 s - a +4 broad axe of protection (weapon)
Missiles
 f - 31 boomerangs (quivered)
Armour
 c - +0 fire dragon scales
 g - a +1 hat (worn)
 h - a +2 cloak (worn)
 i - a +1 pair of boots (worn)
 k - a +0 plate armour (worn)
 q - a +0 tower shield (worn)
 v - a +1 pair of gloves (worn)
Jewellery
 a - the amulet of the Invisible Xeniums {Acrobat Str+7 Int-5 Stlth-}
   (You found it on level 2 of the Shoals)

   [amulet of the acrobat]

   It increases your evasion while moving and waiting.
   Str:       It affects your strength (+7).
   Int:       It affects your intelligence (-5).
   Stlth:     It makes you less stealthy.
 m - an amulet of reflection (around neck)
 o - a +4 ring of evasion (left hand)
 p - a +4 ring of evasion (right hand)
 x - a ring of fire
 Y - a ring of protection from fire
Scrolls
 b - 17 scrolls of identify
 r - 3 scrolls of teleportation
Potions
 e - 2 potions of mutation
 j - 5 potions of might
 l - 19 potions of curing
 n - 4 potions of resistance
 t - 4 potions of heal wounds
 u - 5 potions of haste
 w - a potion of cancellation

Dungeon Overview and Level Annotations

Branches:
Dungeon (15/15)            Temple (0/1) D:5            Lair (5/5) D:10
 Shoals (4/4) Lair:2        Snake (3/4) Lair:3        Slime (0/5) Lair:5
    Orc (2/2) D:11            Elf (0/3) Orc:2        Vaults (0/5) D:14
 Depths (0/4) D:15

Altars:
Cheibriados
Elyvilon
Gozag
Hepliaklqana
Okawaru
Sif Muna
Trog
Wu Jian

Shops:
D:3 ?   Orc:1 ?   Orc:2 (:[**   Shoals:1 *=   Shoals:2 [   Snake:1 [[::==!

Annotations:
Lair:2 1 runed translucent door, qw's ghost, journeyman MiBe
Shoals:1 2 transporters
Snake:3 3 runed translucent doors
Orc:2 3 runed translucent doors, qw's ghost, journeyman MiBe


Message History

The manticore bites you! You block the manticore's attack.
The manticore claws you but does no damage.
You closely miss the merfolk javelineer.
Your headbutt misses the merfolk javelineer.
The merfolk javelineer is heavily wounded.
You slash the manticore! You slash the merfolk javelineer!
The merfolk javelineer throws a javelin.
The javelin pierces through you!
The merfolk javelineer throws a silver javelin.
The silver javelin pierces through you but does no damage.
The silver sears you!
The merfolk javelineer throws a silver javelin.
The silver javelin pierces through you but does no damage.
The silver sears you!
The merfolk hits you from afar with a +0 trident of protection.
You miss the merfolk javelineer.
The merfolk javelineer is heavily wounded.
You hit the merfolk javelineer. You slash the manticore!
You are no longer berserk.
You are exhausted.
You feel yourself slow down. The manticore bites you.
You block the manticore's attack.
The manticore claws you but does no damage.
The merfolk javelineer throws a silver javelin.
The silver javelin pierces through you! The silver sears you!
The merfolk javelineer throws a silver javelin.
The silver javelin pierces through you but does no damage.
The silver sears you!
The merfolk javelineer throws a javelin.
The javelin pierces through you! You block the merfolk's attack.
37358 ||| READING 4 scrolls of teleportation.
As you read the scroll of teleportation, it crumbles to dust.
You feel strangely unstable. You block the manticore's attack.
The manticore completely misses you. You block the manticore's attack.
You block the merfolk's attack.
The merfolk javelineer throws a javelin.
The javelin pierces through you but does no damage.
The merfolk javelineer throws a silver javelin.
The silver javelin pierces through you!
You die...

~~~~~~~~~~~~
#####~~~~~~~~~~~
##...##~~~~~~~~~~
#.....#~~~~~~~~~~
#..}..#~~~~~~~~~~
~..#mmmHm#~~~~~~~~~~
....##%@)##..~~~~~~~~
......##)##....~~~~~~~
#.......%..~~....~~~~~~
#..........)~..<.~~~..~
#..........~~.....~##..
##(............%.....#.~
#~~.............?~~~~~~~
~~~~.............~~~~~~~
~~~~..............~~~~~~


You could see 3 merfolk javelineers, a merfolk and a manticore.

Vanquished Creatures
  Mlioglotl (Snake:2)
  Rupert (D:13)
  A kraken (Shoals:3)
  Kirke (D:14)
  2 nagarajas
  Aizul (Snake:2)
  2 orc warlords (Orc:2)
  Nessos (D:13)
  Azrael (Snake:2)
  2 dire elephants (Lair:5)
  A merfolk javelineer (Shoals:2)
  Josephine (D:12)
  6 merfolk impalers
  4 boulder beetles
  A rakshasa (D:15)
  A salamander tyrant (Snake:2)
  A vault guard (D:14)
  4 centaur warriors (D:14)
  A satyr (Shoals:3)
  2 catoblepae
  5 anacondas
  Erolcha (D:13)
  3 hydras
  4 merfolk aquamancers
  2 merfolk avatars
  10 two-headed ogres
  An alligator snapping turtle (Shoals:2)
  A tengu warrior (D:13)
  5 death yaks
  2 naga warriors (Snake:3)
  Urug (Lair:1)
  An orc high priest (Orc:2)
  8 naga sharpshooters
  9 shock serpents
  Sonja (Lair:4)
  4 sea snakes
  A salamander mystic (Snake:3)
  3 skeletal warriors (D:15)
  A glowing orange brain (D:15)
  5 naga ritualists
  A wizard (D:15)
  6 lindwurms
  2 deep elf pyromancers
  16 harpies
  11 mana vipers
  3 cyclopes
  6 orc sorcerers
  6 orc knights
  A wolf spider (Lair:3)
  17 ugly things
  9 salamanders
  15 manticores
  18 fauns
  8 naga magi
  7 elephants
  3 water nymphs
  A guardian serpent (Snake:3)
  Joseph (Lair:1)
  37 black mambas
  6 merfolk sirens
  14 cane toads
  A torpor snail (Lair:1)
  2 gargoyles
  A kobold demonologist (D:12)
  4 rime drakes
  Psyche (D:11)
  A yaktaur (D:15)
  An efreet (D:15)
  7 komodo dragons
  8 polar bears
  4 trolls
  18 merfolk
  20 slime creatures
  5 wind drakes
  A polar bear (shapeshifter) (D:15)
  A raiju (shapeshifter) (D:14)
  3 meliai (D:13)
  2 raiju (Lair:5)
  A hornet (D:10)
  13 blink frogs
  3 snapping turtles
  3 dream sheep
  9 water elementals
  3 wyverns
  5 wraiths (D:12)
  2 shadows
  2 vampires (D:12)
  6 hogs (D:14)
  38 yaks
  3 basilisks
  2 vampire mosquitoes (D:14)
  2 steam dragons
  A fire elemental (Snake:2)
  4 wargs (Lair:5)
  17 nagas
  9 water moccasins
  An acid dragon (D:8)
  21 hell hounds
  28 orc warriors
  9 black bears
  An ice beast (D:7)
  6 centaurs
  3 ogres
  19 wolves
  2 phantoms
  Blork the orc (Orc:2)
  4 kobold brigands
  8 bullfrogs
  2 necrophages (D:5)
  2 scorpions (D:4)
  15 wights
  5 troll zombies (D:11)
  6 killer bees (D:9)
  An electric eel (Lair:1)
  3 howler monkeys
  16 orc priests
  2 hounds (D:5)
  4 jellies
  A gnoll bouda (D:7)
  Ijyb (D:5)
  An iguana (D:7)
  19 orc wizards
  4 hell rats (Lair:3)
  3 ogre zombies (D:11)
  9 adders
  19 gnolls
  4 white imps
  An ufetubus (D:5)
  A dart slug (D:2)
  59 orcs
  5 endoplasms
  5 giant cockroaches
  8 goblins
  5 hobgoblins
  4 jackals (D:5)
  12 kobolds
  4 quokkas
  8 ball pythons
  5 bats
  3 frilled lizards
  A goblin skeleton (D:11)
  4 goblin zombies (D:11)
  4 hobgoblin skeletons (D:11)
  2 hobgoblin zombies (D:11)
  3 orc skeletons (D:11)
  11 orc zombies (D:11)
  5 rats
  A tentacle (Shoals:3)
865 creatures vanquished.

Vanquished Creatures (collateral kills)
  3 hydras
  A merfolk aquamancer (Shoals:4)
  A naga sharpshooter (Snake:2)
  An orc knight (Orc:1)
  A merfolk (Shoals:1)
  A troll (Orc:1)
  3 polar bears (Lair:5)
  4 orc warriors
  3 black bears (Lair:5)
  An orc priest (Orc:2)
  2 orc wizards (Orc:2)
  2 orcs (Orc:2)
23 creatures vanquished.

Vanquished Creatures (others)
  An orc (D:11)
  32 fungi
  159 plants
  3 tentacles (Shoals:3)
  4 toadstools (D:4)
199 creatures vanquished.

Grand Total: 1087 creatures vanquished

Notes
Turn   | Place    | Note
-------+----------+-------------------------------------------
     0 | D:1      | qw the Gargoyle Berserker began the quest for the Orb.
     0 | D:1      | Reached XP level 1. HP: 14/14 MP: 1/1
     0 | D:1      | 0 ||| qw: Version: 0.1-a-108-g9e35731
     0 | D:1      | 0 ||| qw: Game counter: 6349
     0 | D:1      | 0 ||| qw: Always use a shield: true
     0 | D:1      | 0 ||| qw: Do Orc after D:15 true
     0 | D:1      | 0 ||| qw: Do second Lair branch before Depths: true
     0 | D:1      | 0 ||| qw: Lair rune preference: random
     0 | D:1      | 0 ||| qw: Plans: Normal
     0 | D:1      | 0 ||| PLANNING D:1-11
   105 | D:1      | Reached skill level 3 in Axes
   229 | D:1      | 229 ||| INVOKING Berserk.
   230 | D:1      | HP: 5/21 [hobgoblin (3)]
   232 | D:1      | Reached XP level 2. HP: 6/19 MP: 2/2
   627 | D:1      | 627 ||| DROPPING +0 club.
  1249 | D:1      | 1249 ||| UPGRADING to +0 ring mail.
  1259 | D:1      | 1259 ||| DROPPING +0 animal skin.
  1260 | D:1      | 1260 ||| UPGRADING to +0 cloak.
  1265 | D:1      | 1265 ||| READING scroll labelled GISHOOV OWURO.
  1266 | D:1      | 1266 ||| READING scroll labelled XOIDWU AJIUPH.
  1407 | D:2      | Reached XP level 3. HP: 23/23 MP: 3/3
  1504 | D:2      | Found a faded altar of an unknown god.
  1527 | D:2      | 1527 ||| Stepping ~*~*~tactically~*~*~ (stealth).
  1538 | D:2      | Reached skill level 1 in Throwing
  1620 | D:2      | Reached ** piety under Trog
  1715 | D:2      | 1715 ||| Stepping ~*~*~tactically~*~*~ (stealth).
  2005 | D:2      | 2005 ||| DROPPING amulet of faith.
  2006 | D:2      | 2006 ||| READING scroll labelled NUNKOI NO USIR.
  2007 | D:2      | 2007 ||| READING scroll labelled NUUNKOI IVAZIDOBRO.
  2008 | D:2      | 2008 ||| READING scroll labelled TOABAA IBUM.
  2064 | D:3      | 2064 ||| READING scroll of enchant armour.
  2064 | D:3      | 2064 ||| ENCHANTING +0 cloak.
  2115 | D:3      | 2115 ||| INVOKING Berserk.
  2121 | D:3      | Reached XP level 4. HP: 28/28 MP: 4/4
  2375 | D:3      | 2375 ||| READING scroll of enchant armour.
  2375 | D:3      | 2375 ||| ENCHANTING +1 cloak.
  2524 | D:3      | Found Ecits's Magic Scroll Shop.
  2532 | D:3      | 2532 ||| SHOPLISTING scroll of enchant weapon (90 gold,
                  | have 82).
  2532 | D:3      | 2532 ||| BUYING scroll of identify (24 gold).
  2532 | D:3      | Bought a scroll of identify for 24 gold pieces
  2532 | D:3      | 2532 ||| BUYING scroll of identify (24 gold).
  2532 | D:3      | Bought a scroll of identify for 24 gold pieces
  2532 | D:3      | 2532 ||| BUYING scroll of identify (24 gold).
  2532 | D:3      | Bought a scroll of identify for 24 gold pieces
  2532 | D:3      | 2532 ||| SHOPLISTING scroll of teleportation (36 gold, have
                  | 10).
  2565 | D:3      | 2565 ||| SWAPPING to +0 war axe.
  2566 | D:3      | 2566 ||| DROPPING +0 vorpal hand axe.
  2677 | D:3      | 2677 ||| Stepping ~*~*~tactically~*~*~ (stealth).
  2723 | D:3      | 2723 ||| Stepping ~*~*~tactically~*~*~ (stealth).
  3027 | D:3      | 3027 ||| UPGRADING to amulet of reflection.
  3032 | D:3      | 3032 ||| UPGRADING to +4 ring of evasion.
  3033 | D:3      | 3033 ||| READING scroll labelled FIOTTU FOIRCH.
  3034 | D:3      | 3034 ||| READING 4 scrolls of identify.
  3034 | D:3      | 3034 ||| IDENTIFYING sedimented sapphire potion
  3035 | D:3      | 3035 ||| READING 3 scrolls of identify.
  3035 | D:3      | 3035 ||| IDENTIFYING sedimented ruby potion
  3036 | D:3      | 3036 ||| READING 2 scrolls of identify.
  3036 | D:3      | 3036 ||| IDENTIFYING pink potion
  3037 | D:3      | 3037 ||| DROPPING potion of degeneration.
  3038 | D:3      | 3038 ||| DROPPING potion of flight.
  3039 | D:3      | 3039 ||| DROPPING potion of lignification.
  3127 | D:4      | Noticed a scorpion
  3133 | D:4      | Killed a scorpion
  3134 | D:4      | Reached XP level 5. HP: 27/32 MP: 5/5
  3211 | D:4      | 3211 ||| Stepping ~*~*~tactically~*~*~ (stealth).
  3213 | D:4      | 3213 ||| Stepping ~*~*~tactically~*~*~ (stealth).
  3246 | D:4      | Noticed a phantom
  3265 | D:4      | Killed a phantom
  3266 | D:4      | Reached XP level 6. HP: 36/39 MP: 6/6
  3351 | D:4      | Found a snail-covered altar of Cheibriados.
  3356 | D:4      | Found an ornate altar of the Wu Jian Council.
  3356 | D:4      | Found a hazy altar of Hepliaklqana.
  3367 | D:4      | Found a white marble altar of Elyvilon.
  3370 | D:4      | Found a shimmering blue altar of Sif Muna.
  3481 | D:4      | 3481 ||| INVOKING Berserk.
  3837 | D:4      | 3837 ||| DROPPING +0 mace.
  3863 | D:4      | 3863 ||| UPGRADING to +0 chain mail.
  3873 | D:4      | 3873 ||| DROPPING +0 ring mail.
  3874 | D:4      | 3874 ||| READING 2 scrolls labelled IDYHEZUPLE.
  3975 | D:4      | 3975 ||| DRINKING 2 fizzy orange potions.
  3976 | D:4      | 3976 ||| READING 2 scrolls of identify.
  3976 | D:4      | 3976 ||| IDENTIFYING amethyst potion
  3977 | D:4      | 3977 ||| DROPPING potion of attraction.
  3978 | D:4      | 3978 ||| DROPPING scroll of silence.
  3994 | D:5      | Entered Level 5 of the Dungeon
  4030 | D:5      | 4030 ||| INVOKING Berserk.
  4037 | D:5      | Reached skill level 6 in Axes
  4167 | D:5      | 4167 ||| Stepping ~*~*~tactically~*~*~ (stealth).
  4182 | D:5      | Reached XP level 7. HP: 42/44 MP: 7/7
  4227 | D:5      | Found a staircase to the Ecumenical Temple.
  4275 | D:5      | 4275 ||| Stepping ~*~*~tactically~*~*~ (stealth).
  4277 | D:5      | 4277 ||| Stepping ~*~*~tactically~*~*~ (stealth).
  4279 | D:5      | 4279 ||| Stepping ~*~*~tactically~*~*~ (stealth).
  4361 | D:5      | Reached skill level 3 in Armour
  4450 | D:5      | 4450 ||| INVOKING Berserk.
  4615 | D:5      | Noticed Ijyb
  4616 | D:5      | 4616 ||| INVOKING Berserk.
  4618 | D:5      | Paralysed by Ijyb for 5 turns
  4627 | D:5      | Killed Ijyb
  4766 | D:5      | 4766 ||| INVOKING Berserk.
  5118 | D:5      | Reached XP level 8. HP: 48/48 MP: 8/8
  5255 | D:5      | 5255 ||| READING scroll labelled QESSUNU MABREU.
  5413 | D:6      | Noticed a yak
  5415 | D:6      | Noticed a yak
  5419 | D:6      | Noticed a yak
  5420 | D:6      | 5420 ||| Stepping ~*~*~tactically~*~*~ (stealth).
  5426 | D:6      | Killed a yak
  5428 | D:6      | 5428 ||| INVOKING Berserk.
  5430 | D:6      | Killed a yak
  5431 | D:6      | Killed a yak
  5654 | D:6      | 5654 ||| INVOKING Berserk.
  5703 | D:6      | 5703 ||| Stepping ~*~*~tactically~*~*~ (stealth).
  5720 | D:6      | Reached skill level 6 in Fighting
  5911 | D:6      | 5911 ||| Stepping ~*~*~tactically~*~*~ (stealth).
  5913 | D:6      | 5913 ||| Stepping ~*~*~tactically~*~*~ (stealth).
  5939 | D:6      | 5939 ||| DROPPING +2 whip of holy wrath.
  5961 | D:6      | 5961 ||| Stepping ~*~*~tactically~*~*~ (stealth).
  6083 | D:6      | Reached XP level 9. HP: 55/55 MP: 9/9
  6111 | D:6      | 6111 ||| Stepping ~*~*~tactically~*~*~ (hiding).
  6113 | D:6      | 6113 ||| Stepping ~*~*~tactically~*~*~ (hiding).
  6117 | D:6      | 6117 ||| Stepping ~*~*~tactically~*~*~ (hiding).
  6121 | D:6      | 6121 ||| INVOKING Berserk.
  6122 | D:6      | 6122 ||| INVOKING Berserk.
  6136 | D:6      | Reached skill level 9 in Axes
  6252 | D:6      | 6252 ||| INVOKING Berserk.
  6535 | D:6      | 6535 ||| Stepping ~*~*~tactically~*~*~ (hiding).
  6536 | D:6      | 6536 ||| Stepping ~*~*~tactically~*~*~ (hiding).
  6538 | D:6      | 6538 ||| Stepping ~*~*~tactically~*~*~ (hiding).
  6614 | D:6      | 6614 ||| UPGRADING to +0 pair of boots.
  6619 | D:6      | 6619 ||| UPGRADING to +0 plate armour.
  6629 | D:6      | 6629 ||| DROPPING +0 chain mail.
  6630 | D:6      | 6630 ||| DROPPING amulet of magic regeneration.
  6631 | D:6      | 6631 ||| READING scroll labelled DIRYLU PAON.
  6632 | D:6      | 6632 ||| DRINKING 2 fuming green potions.
  6632 | D:6      | Gained mutation: You expend magic power (3 MP) to
                  | strengthen your wands. [potion of mutation]
  6632 | D:6      | Gained mutation: You are clumsy. (Dex -2) [potion of
                  | mutation]
  6632 | D:6      | Lost mutation: You are clumsy. (Dex -2) [potion of
                  | mutation]
  6632 | D:6      | Gained mutation: You have a pair of small horns on your
                  | head. [potion of mutation]
  6633 | D:6      | 6633 ||| READING 5 scrolls of identify.
  6633 | D:6      | 6633 ||| IDENTIFYING fizzy brown potion
  6659 | D:7      | 6659 ||| Stepping ~*~*~tactically~*~*~ (stealth).
  6660 | D:7      | 6660 ||| Stepping ~*~*~tactically~*~*~ (hiding).
  6662 | D:7      | 6662 ||| Stepping ~*~*~tactically~*~*~ (hiding).
  6664 | D:7      | 6664 ||| Stepping ~*~*~tactically~*~*~ (hiding).
  6665 | D:7      | 6665 ||| Stepping ~*~*~tactically~*~*~ (hiding).
  6670 | D:7      | Reached *** piety under Trog
  6693 | D:7      | Noticed a two-headed ogre
  6696 | D:7      | 6696 ||| INVOKING Berserk.
  6700 | D:7      | Killed a two-headed ogre
  6701 | D:7      | Reached skill level 6 in Armour
  6765 | D:7      | 6765 ||| INVOKING Berserk.
  6920 | D:7      | 6920 ||| Stepping ~*~*~tactically~*~*~ (hiding).
  6921 | D:7      | 6921 ||| Stepping ~*~*~tactically~*~*~ (hiding).
  6928 | D:7      | Reached skill level 3 in Throwing
  6946 | D:7      | 6946 ||| Stepping ~*~*~tactically~*~*~ (stealth).
  6979 | D:7      | 6979 ||| Stepping ~*~*~tactically~*~*~ (stealth).
  7084 | D:7      | 7084 ||| Stepping ~*~*~tactically~*~*~ (stealth).
  7097 | D:7      | 7097 ||| FLEEEEING.
  7098 | D:7      | 7098 ||| FLEEEEING.
  7099 | D:7      | 7099 ||| FLEEEEING.
  7100 | D:7      | 7100 ||| FLEEEEING.
  7101 | D:7      | 7101 ||| FLEEEEING.
  7102 | D:7      | 7102 ||| FLEEEEING.
  7103 | D:7      | 7103 ||| FLEEEEING.
  7104 | D:7      | 7104 ||| FLEEEEING.
  7105 | D:7      | 7105 ||| FLEEEEING.
  7106 | D:7      | 7106 ||| FLEEEEING.
  7107 | D:7      | 7107 ||| FLEEEEING.
  7108 | D:7      | 7108 ||| STAIRDANCE
  7147 | D:6      | 7147 ||| DROPPING scarf of invisibility.
  7150 | D:7      | 7150 ||| STAIRDANCE
  7158 | D:7      | 7158 ||| STAIRDANCE
  7287 | D:7      | 7287 ||| INVOKING Berserk.
  7479 | D:7      | 7479 ||| FLEEEEING.
  7480 | D:7      | 7480 ||| FLEEEEING.
  7486 | D:7      | 7486 ||| FLEEEEING.
  7487 | D:7      | 7487 ||| FLEEEEING.
  7492 | D:7      | 7492 ||| FLEEEEING.
  7493 | D:7      | 7493 ||| FLEEEEING.
  7494 | D:7      | 7494 ||| FLEEEEING.
  7495 | D:7      | 7495 ||| FLEEEEING.
  7496 | D:7      | 7496 ||| FLEEEEING.
  7497 | D:7      | 7497 ||| FLEEEEING.
  7498 | D:7      | 7498 ||| FLEEEEING.
  7499 | D:7      | 7499 ||| FLEEEEING.
  7500 | D:7      | 7500 ||| FLEEEEING.
  7505 | D:7      | 7505 ||| FLEEEEING.
  7506 | D:7      | 7506 ||| FLEEEEING.
  7507 | D:7      | 7507 ||| FLEEEEING.
  7508 | D:7      | 7508 ||| FLEEEEING.
  7509 | D:7      | 7509 ||| FLEEEEING.
  7510 | D:7      | 7510 ||| FLEEEEING.
  7511 | D:7      | 7511 ||| FLEEEEING.
  7512 | D:7      | 7512 ||| FLEEEEING.
  7513 | D:7      | 7513 ||| FLEEEEING.
  7514 | D:7      | 7514 ||| FLEEEEING.
  7515 | D:7      | 7515 ||| FLEEEEING.
  7516 | D:7      | 7516 ||| FLEEEEING.
  7517 | D:7      | 7517 ||| FLEEEEING.
  7518 | D:7      | 7518 ||| FLEEEEING.
  7519 | D:7      | 7519 ||| FLEEEEING.
  7531 | D:7      | 7531 ||| FLEEEEING.
  7532 | D:7      | 7532 ||| FLEEEEING.
  7535 | D:7      | 7535 ||| FLEEEEING.
  7536 | D:7      | 7536 ||| FLEEEEING.
  7539 | D:7      | 7539 ||| INVOKING Berserk.
  7833 | D:7      | 7833 ||| INVOKING Berserk.
  8055 | D:7      | 8055 ||| SWAPPING to +0 broad axe.
  8063 | D:7      | Reached XP level 10. HP: 63/63 MP: 10/10
  8064 | D:7      | 8064 ||| DROPPING +0 war axe.
  8067 | D:7      | 8067 ||| DROPPING +0 flail.
  8186 | D:7      | 8186 ||| Stepping ~*~*~tactically~*~*~ (stealth).
  8187 | D:7      | 8187 ||| Stepping ~*~*~tactically~*~*~ (stealth).
  8189 | D:7      | 8189 ||| Stepping ~*~*~tactically~*~*~ (hiding).
  8191 | D:7      | 8191 ||| Stepping ~*~*~tactically~*~*~ (hiding).
  8192 | D:7      | 8192 ||| Stepping ~*~*~tactically~*~*~ (hiding).
  8193 | D:7      | 8193 ||| Stepping ~*~*~tactically~*~*~ (hiding).
  8194 | D:7      | 8194 ||| Stepping ~*~*~tactically~*~*~ (hiding).
  8282 | D:7      | 8282 ||| READING scroll labelled TOTSESKUELISH.
  8286 | D:7      | 8286 ||| READING 7 scrolls of identify.
  8286 | D:7      | 8286 ||| IDENTIFYING white potion
  8287 | D:7      | 8287 ||| DROPPING potion of berserk rage.
  8413 | D:8      | 8413 ||| FLEEEEING.
  8414 | D:8      | 8414 ||| FLEEEEING.
  8415 | D:8      | 8415 ||| FLEEEEING.
  8481 | D:8      | Noticed a two-headed ogre
  8484 | D:8      | 8484 ||| INVOKING Berserk.
  8487 | D:8      | Killed a two-headed ogre
  8720 | D:8      | 8720 ||| Stepping ~*~*~tactically~*~*~ (hiding).
  8725 | D:8      | 8725 ||| INVOKING Berserk.
  8987 | D:8      | 8987 ||| INVOKING Berserk.
  9106 | D:8      | Noticed a two-headed ogre
  9111 | D:8      | 9111 ||| INVOKING Berserk.
  9114 | D:8      | Killed a two-headed ogre
  9290 | D:8      | Found an iron altar of Okawaru.
  9437 | D:8      | 9437 ||| READING 2 scrolls labelled MOUKHL JIOWK.
  9438 | D:8      | 9438 ||| READING scroll of enchant weapon.
  9438 | D:8      | 9438 ||| ENCHANTING +1 broad axe.
  9439 | D:8      | 9439 ||| READING scroll labelled DYLASI BEFULU.
  9440 | D:8      | 9440 ||| READING 6 scrolls of identify.
  9440 | D:8      | 9440 ||| IDENTIFYING bubbling dark potion
  9455 | D:9      | Noticed a two-headed ogre
  9459 | D:9      | 9459 ||| INVOKING Berserk.
  9465 | D:9      | Killed a two-headed ogre
  9466 | D:9      | 9466 ||| STAIRDANCE
  9604 | D:9      | Reached skill level 9 in Fighting
  9645 | D:9      | Found a flagged portal.
  9683 | D:9      | 9683 ||| READING scroll of enchant armour.
  9683 | D:9      | 9683 ||| ENCHANTING +0 pair of boots.
  9840 | D:9      | Noticed a two-headed ogre
  9844 | D:9      | 9844 ||| INVOKING Berserk.
  9846 | D:9      | Killed a two-headed ogre
  9847 | D:9      | Reached XP level 11. HP: 71/71 MP: 11/11
 10158 | D:9      | 10158 ||| Stepping ~*~*~tactically~*~*~ (stealth).
 10267 | D:9      | 10267 ||| READING scroll labelled UBODDI EN ODIW.
 10307 | D:10     | Entered Level 10 of the Dungeon
 10316 | D:10     | Found a bloodstained altar of Trog.
 10349 | D:10     | Found a staircase to the Lair.
 10415 | D:10     | Noticed a two-headed ogre
 10418 | D:10     | 10418 ||| INVOKING Berserk.
 10426 | D:10     | Killed a two-headed ogre
 10585 | D:10     | 10585 ||| Stepping ~*~*~tactically~*~*~ (stealth).
 10588 | D:10     | 10588 ||| Stepping ~*~*~tactically~*~*~ (stealth).
 10613 | D:10     | Reached skill level 12 in Axes
 10698 | D:10     | Noticed a two-headed ogre
 10701 | D:10     | 10701 ||| INVOKING Berserk.
 10704 | D:10     | Killed a two-headed ogre
 10926 | D:10     | 10926 ||| PLANNING LAIR
 10926 | D:10     | 10926 ||| READING 7 scrolls of identify.
 10926 | D:10     | 10926 ||| IDENTIFYING coppery potion
 10927 | D:10     | 10927 ||| READING 6 scrolls of identify.
 10927 | D:10     | 10927 ||| IDENTIFYING silvery potion
 10928 | D:10     | 10928 ||| DROPPING potion of magic.
 10966 | Lair:1   | Entered Level 1 of the Lair of Beasts
 11007 | Lair:1   | 11007 ||| INVOKING Berserk.
 11262 | Lair:1   | Noticed Urug
 11263 | Lair:1   | 11263 ||| Stepping ~*~*~tactically~*~*~ (hiding).
 11267 | Lair:1   | 11267 ||| INVOKING Berserk.
 11273 | Lair:1   | Killed Urug
 11288 | Lair:1   | Reached skill level 9 in Armour
 11408 | Lair:1   | 11408 ||| DROPPING +4 flail.
 11450 | Lair:1   | 11450 ||| Stepping ~*~*~tactically~*~*~ (stealth).
 11452 | Lair:1   | 11452 ||| Stepping ~*~*~tactically~*~*~ (stealth).
 11454 | Lair:1   | 11454 ||| Stepping ~*~*~tactically~*~*~ (stealth).
 11456 | Lair:1   | 11456 ||| Stepping ~*~*~tactically~*~*~ (stealth).
 11632 | Lair:1   | 11632 ||| INVOKING Berserk.
 11642 | Lair:1   | Reached XP level 12. HP: 76/77 MP: 12/12
 11728 | Lair:1   | Noticed a death yak
 11729 | Lair:1   | 11729 ||| INVOKING Berserk.
 11737 | Lair:1   | Killed a death yak
 12057 | Lair:1   | Noticed Joseph
 12066 | Lair:1   | Killed Joseph
 12229 | Lair:1   | 12229 ||| DROPPING amulet of guardian spirit.
 12230 | Lair:1   | 12230 ||| READING scroll labelled OKHLYTHRUORU.
 12242 | Lair:2   | 12242 ||| STAIRDANCE
 12244 | Lair:1   | 12244 ||| INVOKING Berserk.
 12358 | Lair:2   | 12358 ||| Stepping ~*~*~tactically~*~*~ (cloud).
 12361 | Lair:2   | 12361 ||| INVOKING Berserk.
 12532 | Lair:2   | 12532 ||| INVOKING Berserk.
 12665 | Lair:2   | Found a runed translucent door.
 12704 | Lair:2   | 12704 ||| Stepping ~*~*~tactically~*~*~ (stealth).
 12798 | Lair:2   | Identified the +5 scale mail of the Jabberwock {Fly rPois
                  | rN++ Stlth-}
 12977 | Lair:2   | 12977 ||| INVOKING Berserk.
 13060 | Lair:2   | 13060 ||| Stepping ~*~*~tactically~*~*~ (stealth).
 13149 | Lair:2   | 13149 ||| READING scroll of brand weapon.
 13149 | Lair:2   | 13149 ||| BRANDING +2 broad axe.
 13214 | Lair:2   | Found a staircase to the Shoals.
 13648 | Lair:2   | Noticed qw's ghost (journeyman MiBe)
 13878 | Lair:2   | 13878 ||| UPGRADING to +1 hat.
 13883 | Lair:2   | 13883 ||| UPGRADING to +5 scale mail of the Jabberwock {Fly
                  | rPois rN++ Stlth-}.
 13893 | Lair:2   | 13893 ||| UPGRADING to +0 pair of gloves.
 13898 | Lair:2   | 13898 ||| READING scroll labelled BARUCW JEORY.
 13899 | Lair:2   | 13899 ||| READING 8 scrolls of identify.
 13899 | Lair:2   | 13899 ||| IDENTIFYING smoky orange potion
 13900 | Lair:2   | 13900 ||| DROPPING potion of invisibility.
 13937 | Lair:3   | 13937 ||| Stepping ~*~*~tactically~*~*~ (stealth).
 13938 | Lair:3   | 13938 ||| Stepping ~*~*~tactically~*~*~ (stealth).
 13944 | Lair:3   | Reached skill level 3 in Dodging
 13945 | Lair:3   | Reached **** piety under Trog
 14127 | Lair:3   | 14127 ||| Stepping ~*~*~tactically~*~*~ (stealth).
 14136 | Lair:3   | 14136 ||| Stepping ~*~*~tactically~*~*~ (stealth).
 14139 | Lair:3   | 14139 ||| INVOKING Berserk.
 14345 | Lair:3   | Found a staircase to the Snake Pit.
 14419 | Lair:3   | 14419 ||| INVOKING Berserk.
 14485 | Lair:3   | 14485 ||| INVOKING Berserk.
 14517 | Lair:3   | 14517 ||| FLEEEEING.
 14518 | Lair:3   | 14518 ||| FLEEEEING.
 14519 | Lair:3   | 14519 ||| FLEEEEING.
 14520 | Lair:3   | 14520 ||| FLEEEEING.
 14521 | Lair:3   | 14521 ||| FLEEEEING.
 14522 | Lair:3   | 14522 ||| FLEEEEING.
 14523 | Lair:3   | 14523 ||| FLEEEEING.
 14524 | Lair:3   | 14524 ||| FLEEEEING.
 14525 | Lair:3   | 14525 ||| FLEEEEING.
 14526 | Lair:3   | 14526 ||| FLEEEEING.
 14552 | Lair:3   | Noticed a five-headed hydra
 14556 | Lair:3   | 14556 ||| SWAPPING to +0 eveningstar of draining.
 14557 | Lair:3   | 14557 ||| INVOKING Berserk.
 14558 | Lair:3   | Killed a five-headed hydra
 14559 | Lair:3   | Reached XP level 13. HP: 84/84 MP: 13/13
 14563 | Lair:3   | 14563 ||| SWAPPING to +2 broad axe of freezing.
 14578 | Lair:3   | Reached skill level 15 in Axes
 14725 | Lair:3   | 14725 ||| INVOKING Berserk.
 14886 | Lair:3   | 14886 ||| INVOKING Berserk.
 15006 | Lair:3   | 15006 ||| Stepping ~*~*~tactically~*~*~ (stealth).
 15214 | Lair:3   | 15214 ||| UPGRADING to +0 buckler.
 15219 | Lair:3   | 15219 ||| READING 7 scrolls of identify.
 15219 | Lair:3   | 15219 ||| IDENTIFYING clear potion
 15220 | Lair:3   | 15220 ||| DROPPING potion of brilliance.
 15255 | Lair:4   | Reached skill level 1 in Shields
 15270 | Lair:4   | 15270 ||| INVOKING Berserk.
 15290 | Lair:4   | Noticed Sonja
 15309 | Lair:4   | Killed Sonja
 15310 | Lair:4   | Reached skill level 3 in Shields
 15394 | Lair:4   | 15394 ||| Stepping ~*~*~tactically~*~*~ (hiding).
 15396 | Lair:4   | 15396 ||| INVOKING Berserk.
 15509 | Lair:4   | 15509 ||| INVOKING Berserk.
 15630 | Lair:4   | 15630 ||| INVOKING Berserk.
 15724 | Lair:4   | 15724 ||| Stepping ~*~*~tactically~*~*~ (hiding).
 15729 | Lair:4   | 15729 ||| INVOKING Berserk.
 15949 | Lair:4   | Reached skill level 6 in Shields
 16085 | Lair:4   | 16085 ||| INVOKING Berserk.
 16210 | Lair:4   | 16210 ||| INVOKING Berserk.
 16216 | Lair:4   | Reached skill level 12 in Fighting
 16691 | Lair:4   | 16691 ||| DROPPING scarf of invisibility.
 16704 | Lair:5   | Entered Level 5 of the Lair of Beasts
 16707 | Lair:5   | 16707 ||| STAIRDANCE
 16715 | Lair:5   | 16715 ||| STAIRDANCE
 16840 | Lair:5   | Found a staircase to the Slime Pits.
 16959 | Lair:5   | 16959 ||| INVOKING Berserk.
 17070 | Lair:5   | 17070 ||| INVOKING Berserk.
 17190 | Lair:5   | 17190 ||| Stepping ~*~*~tactically~*~*~ (stealth).
 17200 | Lair:5   | 17200 ||| INVOKING Berserk.
 17332 | Lair:5   | 17332 ||| Stepping ~*~*~tactically~*~*~ (stealth).
 17355 | Lair:5   | Noticed a dire elephant
 17356 | Lair:5   | 17356 ||| Stepping ~*~*~tactically~*~*~ (stealth).
 17357 | Lair:5   | 17357 ||| INVOKING Berserk.
 17363 | Lair:5   | Killed a dire elephant
 17503 | Lair:5   | 17503 ||| Stepping ~*~*~tactically~*~*~ (stealth).
 17506 | Lair:5   | 17506 ||| INVOKING Berserk.
 17532 | Lair:5   | Gained mutation: Your large and strong wings let you fly.
                  | [Gargoyle growth]
 17532 | Lair:5   | Reached XP level 14. HP: 73/92 MP: 14/14
 17608 | Lair:5   | 17608 ||| Stepping ~*~*~tactically~*~*~ (hiding).
 17618 | Lair:5   | Noticed a dire elephant
 17620 | Lair:5   | 17620 ||| INVOKING Berserk.
 17628 | Lair:5   | Killed a dire elephant
 17782 | Lair:5   | Identified the +1 scale mail "Puameryva" {Int+3}
 17847 | Lair:5   | 17847 ||| INVOKING Berserk.
 18058 | Lair:5   | 18058 ||| READING scroll of enchant weapon.
 18058 | Lair:5   | 18058 ||| ENCHANTING +2 broad axe of freezing.
 18069 | Lair:5   | 18069 ||| Stepping ~*~*~tactically~*~*~ (stealth).
 18074 | Lair:5   | 18074 ||| Stepping ~*~*~tactically~*~*~ (stealth).
 18091 | Lair:5   | 18091 ||| Stepping ~*~*~tactically~*~*~ (hiding).
 18171 | Lair:5   | 18171 ||| Stepping ~*~*~tactically~*~*~ (stealth).
 18181 | Lair:5   | 18181 ||| INVOKING Brothers in Arms.
 18182 | Lair:5   | 18182 ||| INVOKING Brothers in Arms.
 18183 | Lair:5   | 18183 ||| INVOKING Brothers in Arms.
 18185 | Lair:5   | 18185 ||| SWAPPING to +0 eveningstar of draining.
 18186 | Lair:5   | 18186 ||| INVOKING Brothers in Arms.
 18187 | Lair:5   | 18187 ||| INVOKING Berserk.
 18209 | Lair:5   | 18209 ||| SWAPPING to +3 broad axe of freezing.
 18218 | Lair:5   | HP: 21/92 [black bear (5)]
 18219 | Lair:5   | 18219 ||| READING 3 scrolls of teleportation.
 18770 | Lair:5   | 18770 ||| Stepping ~*~*~tactically~*~*~ (stealth).
 18776 | Lair:5   | 18776 ||| Stepping ~*~*~tactically~*~*~ (stealth).
 18814 | Lair:5   | 18814 ||| INVOKING Berserk.
 18836 | Lair:5   | 18836 ||| Stepping ~*~*~tactically~*~*~ (stealth).
 18849 | Lair:5   | 18849 ||| Stepping ~*~*~tactically~*~*~ (stealth).
 18850 | Lair:5   | 18850 ||| Stepping ~*~*~tactically~*~*~ (stealth).
 18854 | Lair:5   | 18854 ||| INVOKING Berserk.
 18990 | Lair:5   | 18990 ||| Stepping ~*~*~tactically~*~*~ (stealth).
 19001 | Lair:5   | 19001 ||| Stepping ~*~*~tactically~*~*~ (hiding).
 19082 | Lair:5   | 19082 ||| Stepping ~*~*~tactically~*~*~ (hiding).
 19192 | Lair:5   | 19192 ||| PLANNING D:1-11
 19192 | Lair:5   | 19192 ||| UPGRADING to +0 plate armour.
 19202 | Lair:5   | 19202 ||| DROPPING +5 scale mail of the Jabberwock {Fly
                  | rPois rN++ Stlth-}.
 19203 | Lair:5   | 19203 ||| READING scroll labelled HOON EBLIS.
 19543 | D:11     | Found a staircase to the Orcish Mines.
 19545 | D:11     | 19545 ||| Stepping ~*~*~tactically~*~*~ (hiding).
 19547 | D:11     | 19547 ||| Stepping ~*~*~tactically~*~*~ (hiding).
 19577 | D:11     | 19577 ||| FLEEEEING.
 19578 | D:11     | 19578 ||| FLEEEEING.
 19579 | D:11     | 19579 ||| FLEEEEING.
 19580 | D:11     | 19580 ||| FLEEEEING.
 19581 | D:11     | 19581 ||| FLEEEEING.
 19582 | D:11     | 19582 ||| FLEEEEING.
 19583 | D:11     | 19583 ||| FLEEEEING.
 19584 | D:11     | 19584 ||| FLEEEEING.
 19585 | D:11     | 19585 ||| FLEEEEING.
 19904 | D:11     | Noticed Psyche
 19910 | D:11     | 19910 ||| INVOKING Trog's Hand.
 19911 | D:11     | 19911 ||| INVOKING Berserk.
 19924 | D:11     | Killed Psyche
 19933 | D:11     | Reached ***** piety under Trog
 20086 | D:11     | 20086 ||| FLEEEEING.
 20087 | D:11     | 20087 ||| FLEEEEING.
 20088 | D:11     | 20088 ||| FLEEEEING.
 20091 | D:11     | 20091 ||| FLEEEEING.
 20092 | D:11     | 20092 ||| FLEEEEING.
 20093 | D:11     | 20093 ||| FLEEEEING.
 20094 | D:11     | 20094 ||| FLEEEEING.
 20095 | D:11     | 20095 ||| FLEEEEING.
 20096 | D:11     | 20096 ||| FLEEEEING.
 20097 | D:11     | 20097 ||| Stepping ~*~*~tactically~*~*~ (stealth).
 20098 | D:11     | 20098 ||| FLEEEEING.
 20194 | D:11     | Identified the +6 glaive of Causality {vorpal, Fly}
 20258 | D:11     | 20258 ||| Stepping ~*~*~tactically~*~*~ (stealth).
 20421 | D:11     | 20421 ||| PLANNING D
 20539 | D:12     | Noticed Josephine
 20546 | D:12     | Killed Josephine
 20547 | D:12     | 20547 ||| FLEEEEING.
 20548 | D:12     | 20548 ||| FLEEEEING.
 20549 | D:12     | 20549 ||| FLEEEEING.
 20550 | D:12     | 20550 ||| FLEEEEING.
 20551 | D:12     | 20551 ||| FLEEEEING.
 20552 | D:12     | 20552 ||| FLEEEEING.
 20553 | D:12     | 20553 ||| FLEEEEING.
 20554 | D:12     | 20554 ||| FLEEEEING.
 20555 | D:12     | 20555 ||| FLEEEEING.
 20556 | D:12     | 20556 ||| FLEEEEING.
 20557 | D:12     | 20557 ||| FLEEEEING.
 20558 | D:12     | 20558 ||| FLEEEEING.
 20559 | D:12     | 20559 ||| FLEEEEING.
 20560 | D:12     | 20560 ||| FLEEEEING.
 20561 | D:12     | 20561 ||| FLEEEEING.
 20562 | D:12     | 20562 ||| FLEEEEING.
 20563 | D:12     | 20563 ||| FLEEEEING.
 20564 | D:12     | 20564 ||| FLEEEEING.
 20565 | D:12     | 20565 ||| FLEEEEING.
 20566 | D:12     | 20566 ||| STAIRDANCE
 20644 | D:12     | 20644 ||| STAIRDANCE
 20699 | D:12     | 20699 ||| Stepping ~*~*~tactically~*~*~ (stealth).
 20702 | D:12     | 20702 ||| Stepping ~*~*~tactically~*~*~ (stealth).
 20915 | D:12     | 20915 ||| Stepping ~*~*~tactically~*~*~ (stealth).
 20916 | D:12     | 20916 ||| Stepping ~*~*~tactically~*~*~ (stealth).
 20917 | D:12     | 20917 ||| Stepping ~*~*~tactically~*~*~ (stealth).
 20921 | D:12     | 20921 ||| Stepping ~*~*~tactically~*~*~ (stealth).
 20922 | D:12     | 20922 ||| Stepping ~*~*~tactically~*~*~ (stealth).
 20936 | D:12     | 20936 ||| Stepping ~*~*~tactically~*~*~ (stealth).
 21182 | D:12     | You are sucked into a shaft and drop 1 floor!
 21195 | D:13     | Found a shimmering blue altar of Sif Muna.
 21247 | D:13     | 21247 ||| INVOKING Brothers in Arms.
 21249 | D:13     | 21249 ||| SWAPPING to +0 eveningstar of draining.
 21250 | D:13     | 21250 ||| INVOKING Berserk.
 21255 | D:13     | 21255 ||| SWAPPING to +3 broad axe of freezing.
 21376 | D:13     | Noticed Rupert
 21377 | D:13     | 21377 ||| INVOKING Trog's Hand.
 21378 | D:13     | 21378 ||| INVOKING Brothers in Arms.
 21380 | D:13     | 21380 ||| INVOKING Berserk.
 21385 | D:13     | Killed Rupert
 21601 | D:13     | Reached XP level 15. HP: 93/98 MP: 15/15
 21630 | D:13     | 21630 ||| Stepping ~*~*~tactically~*~*~ (stealth).
 21636 | D:13     | 21636 ||| Stepping ~*~*~tactically~*~*~ (stealth).
 21637 | D:13     | 21637 ||| Stepping ~*~*~tactically~*~*~ (stealth).
 21641 | D:13     | 21641 ||| INVOKING Berserk.
 21644 | D:13     | Reached skill level 12 in Armour
 21778 | D:13     | Noticed Erolcha
 21779 | D:13     | 21779 ||| Stepping ~*~*~tactically~*~*~ (hiding).
 21782 | D:13     | 21782 ||| INVOKING Trog's Hand.
 21804 | D:13     | Killed Erolcha
 21805 | D:13     | Reached skill level 6 in Throwing
 21805 | D:13     | 21805 ||| DROPPING +6 ring of intelligence.
 21806 | D:13     | 21806 ||| UPGRADING to ring of protection from fire.
 22398 | D:13     | 22398 ||| INVOKING Berserk.
 22414 | D:13     | 22414 ||| FLEEEEING.
 22415 | D:13     | 22415 ||| FLEEEEING.
 22416 | D:13     | 22416 ||| FLEEEEING.
 22417 | D:13     | 22417 ||| STAIRDANCE
 22467 | D:12     | 22467 ||| UPGRADING to +1 kite shield of protection.
 22477 | D:12     | 22477 ||| DROPPING +0 buckler.
 22478 | D:12     | 22478 ||| READING scroll labelled OROLIE RULITH.
 22526 | D:13     | 22526 ||| FLEEEEING.
 22526 | D:13     | Noticed Nessos
 22527 | D:13     | 22527 ||| Stepping ~*~*~tactically~*~*~ (hiding).
 22532 | D:13     | 22532 ||| FLEEEEING.
 22533 | D:13     | 22533 ||| FLEEEEING.
 22545 | D:13     | Killed Nessos
 22975 | D:14     | 22975 ||| Stepping ~*~*~tactically~*~*~ (hiding).
 22989 | D:14     | Reached skill level 9 in Shields
 22996 | D:14     | 22996 ||| INVOKING Berserk.
 23282 | D:14     | Identified the +1 leather armour "Legeunna" {Dex+7}
 23344 | D:14     | 23344 ||| Stepping ~*~*~tactically~*~*~ (stealth).
 23471 | D:14     | 23471 ||| DRINKING potion of cancellation.
 23472 | D:14     | 23472 ||| INVOKING Berserk.
 23903 | D:14     | 23903 ||| INVOKING Brothers in Arms.
 23905 | D:14     | 23905 ||| SWAPPING to +0 eveningstar of draining.
 23907 | D:14     | 23907 ||| INVOKING Berserk.
 23915 | D:14     | 23915 ||| SWAPPING to +3 broad axe of freezing.
 24043 | D:14     | Noticed Kirke
 24044 | D:14     | 24044 ||| INVOKING Trog's Hand.
 24049 | D:14     | 24049 ||| INVOKING Berserk.
 24053 | D:14     | Killed Kirke
 24412 | D:14     | Found a gate to the Vaults.
 24473 | D:14     | 24473 ||| UPGRADING to +0 tower shield.
 24483 | D:14     | 24483 ||| DROPPING +1 kite shield of protection.
 24484 | D:14     | 24484 ||| DROPPING amulet of the acrobat.
 24485 | D:14     | 24485 ||| DRINKING 2 glowing puce potions.
 24536 | D:15     | Entered Level 15 of the Dungeon
 24546 | D:15     | 24546 ||| READING 6 scrolls of teleportation.
 24547 | D:15     | 24547 ||| FLEEEEING.
 24548 | D:15     | 24548 ||| FLEEEEING.
 24549 | D:15     | 24549 ||| FLEEEEING.
 24558 | D:15     | 24558 ||| INVOKING Berserk.
 24563 | D:15     | Reached skill level 12 in Shields
 24645 | D:15     | 24645 ||| Stepping ~*~*~tactically~*~*~ (stealth).
 24707 | D:15     | 24707 ||| INVOKING Berserk.
 24956 | D:15     | 24956 ||| INVOKING Trog's Hand.
 25090 | D:15     | 25090 ||| INVOKING Brothers in Arms.
 25092 | D:15     | 25092 ||| SWAPPING to +0 eveningstar of draining.
 25093 | D:15     | 25093 ||| INVOKING Berserk.
 25097 | D:15     | 25097 ||| SWAPPING to +3 broad axe of freezing.
 25253 | D:15     | 25253 ||| Stepping ~*~*~tactically~*~*~ (hiding).
 25356 | D:15     | 25356 ||| Stepping ~*~*~tactically~*~*~ (stealth).
 25358 | D:15     | 25358 ||| Stepping ~*~*~tactically~*~*~ (hiding).
 25359 | D:15     | 25359 ||| Stepping ~*~*~tactically~*~*~ (hiding).
 25408 | D:15     | 25408 ||| INVOKING Berserk.
 25454 | D:15     | 25454 ||| FLEEEEING.
 25455 | D:15     | 25455 ||| FLEEEEING.
 25456 | D:15     | 25456 ||| FLEEEEING.
 25458 | D:15     | 25458 ||| FLEEEEING.
 25459 | D:15     | 25459 ||| FLEEEEING.
 25460 | D:15     | 25460 ||| FLEEEEING.
 25461 | D:15     | 25461 ||| FLEEEEING.
 25462 | D:15     | 25462 ||| FLEEEEING.
 25463 | D:15     | 25463 ||| FLEEEEING.
 25464 | D:15     | 25464 ||| FLEEEEING.
 25735 | D:15     | Identified the +1 leather armour of the Volcano {rF++}
 25808 | D:15     | 25808 ||| Stepping ~*~*~tactically~*~*~ (stealth).
 25809 | D:15     | 25809 ||| Stepping ~*~*~tactically~*~*~ (stealth).
 25812 | D:15     | 25812 ||| INVOKING Berserk.
 25828 | D:15     | Reached XP level 16. HP: 104/104 MP: 16/16
 25930 | D:15     | Found a staircase to the Depths.
 25974 | D:15     | 25974 ||| PLANNING ORC
 26051 | Orc:1    | Entered Level 1 of the Orcish Mines
 26052 | Orc:1    | 26052 ||| INVOKING Trog's Hand.
 26057 | Orc:1    | 26057 ||| INVOKING Berserk.
 26087 | Orc:1    | 26087 ||| INVOKING Brothers in Arms.
 26088 | Orc:1    | HP: 25/104 [orc knight/+2 war axe (14)]
 26089 | Orc:1    | 26089 ||| READING 6 scrolls of teleportation.
 26090 | Orc:1    | 26090 ||| DRINKING 4 potions of heal wounds.
 26096 | Orc:1    | 26096 ||| Stepping ~*~*~tactically~*~*~ (hiding).
 26102 | Orc:1    | 26102 ||| INVOKING Trog's Hand.
 26107 | Orc:1    | 26107 ||| INVOKING Berserk.
 26281 | Orc:1    | Found Ikket's Magic Scroll Emporium.
 26291 | Orc:1    | 26291 ||| BUYING 2 scrolls of identify (48 gold).
 26291 | Orc:1    | Bought 2 scrolls of identify for 48 gold pieces
 26291 | Orc:1    | 26291 ||| BUYING scroll of enchant weapon (90 gold).
 26291 | Orc:1    | Bought a scroll of enchant weapon for 90 gold pieces
 26291 | Orc:1    | 26291 ||| READING scroll of enchant weapon.
 26291 | Orc:1    | 26291 ||| ENCHANTING +3 broad axe of freezing.
 26494 | Orc:2    | Entered Level 2 of the Orcish Mines
 26494 | Orc:2    | Found a runed translucent gate.
 26494 | Orc:2    | Found a runed translucent gate.
 26494 | Orc:2    | Found an opulent altar of Gozag.
 26494 | Orc:2    | Found a runed translucent gate.
 26494 | Orc:2    | Found Jodotim's Assorted Antiques.
 26539 | Orc:2    | Noticed qw's ghost (journeyman MiBe)
 26593 | Orc:2    | Found a staircase to the Elven Halls.
 26596 | Orc:2    | 26596 ||| Stepping ~*~*~tactically~*~*~ (hiding).
 26598 | Orc:2    | 26598 ||| Stepping ~*~*~tactically~*~*~ (hiding).
 26605 | Orc:2    | 26605 ||| Stepping ~*~*~tactically~*~*~ (hiding).
 26608 | Orc:2    | 26608 ||| Stepping ~*~*~tactically~*~*~ (hiding).
 26611 | Orc:2    | 26611 ||| Stepping ~*~*~tactically~*~*~ (hiding).
 26650 | Orc:2    | 26650 ||| Stepping ~*~*~tactically~*~*~ (hiding).
 26652 | Orc:2    | 26652 ||| Stepping ~*~*~tactically~*~*~ (hiding).
 26729 | Orc:2    | 26729 ||| Stepping ~*~*~tactically~*~*~ (stealth).
 26731 | Orc:2    | 26731 ||| Stepping ~*~*~tactically~*~*~ (stealth).
 26748 | Orc:2    | 26748 ||| Stepping ~*~*~tactically~*~*~ (stealth).
 26758 | Orc:2    | 26758 ||| INVOKING Berserk.
 26815 | Orc:2    | Noticed Blork the orc
 26819 | Orc:2    | 26819 ||| INVOKING Trog's Hand.
 26825 | Orc:2    | 26825 ||| INVOKING Berserk.
 26845 | Orc:2    | Killed Blork the orc
 26861 | Orc:2    | Found Xeenaiq's Antique Armour Emporium.
 26862 | Orc:2    | 26862 ||| INVOKING Brothers in Arms.
 26865 | Orc:2    | Reached skill level 15 in Shields
 26883 | Orc:2    | Found Seoxur's Antique Weapon Emporium.
 26895 | Orc:2    | 26895 ||| INVOKING Brothers in Arms.
 26901 | Orc:2    | 26901 ||| INVOKING Berserk.
 26942 | Orc:2    | 26942 ||| FLEEEEING.
 26943 | Orc:2    | 26943 ||| FLEEEEING.
 26944 | Orc:2    | 26944 ||| FLEEEEING.
 26945 | Orc:2    | 26945 ||| FLEEEEING.
 26946 | Orc:2    | 26946 ||| FLEEEEING.
 26947 | Orc:2    | 26947 ||| FLEEEEING.
 26948 | Orc:2    | 26948 ||| FLEEEEING.
 26949 | Orc:2    | 26949 ||| FLEEEEING.
 26950 | Orc:2    | 26950 ||| FLEEEEING.
 26951 | Orc:2    | 26951 ||| FLEEEEING.
 26952 | Orc:2    | 26952 ||| FLEEEEING.
 26953 | Orc:2    | 26953 ||| FLEEEEING.
 26954 | Orc:2    | 26954 ||| FLEEEEING.
 26995 | Orc:2    | 26995 ||| BUYING runed scarf (160 gold).
 26995 | Orc:2    | Bought a runed scarf for 160 gold pieces
 27225 | Orc:2    | Found Keepyut's Book Emporium.
 27412 | Orc:2    | Found Qodwyza's General Store.
 27418 | Orc:2    | 27418 ||| BUYING potion of curing (42 gold).
 27418 | Orc:2    | Bought a potion of curing for 42 gold pieces
 27418 | Orc:2    | 27418 ||| BUYING potion of curing (42 gold).
 27418 | Orc:2    | Bought a potion of curing for 42 gold pieces
 27525 | Orc:2    | 27525 ||| PLANNING SHOALS:1-3
 27525 | Orc:2    | 27525 ||| DROPPING scarf of harm.
 27651 | Shoals:1 | Entered Level 1 of the Shoals
 27677 | Shoals:1 | 27677 ||| INVOKING Berserk.
 27702 | Shoals:1 | 27702 ||| INVOKING Trog's Hand.
 27703 | Shoals:1 | 27703 ||| INVOKING Brothers in Arms.
 27712 | Shoals:1 | 27712 ||| INVOKING Brothers in Arms.
 27713 | Shoals:1 | 27713 ||| INVOKING Brothers in Arms.
 27732 | Shoals:1 | HP: 20/104 [merfolk/+0 trident (17)]
 27733 | Shoals:1 | 27733 ||| READING 5 scrolls of teleportation.
 27734 | Shoals:1 | 27734 ||| DRINKING 3 potions of heal wounds.
 28060 | Shoals:1 | 28060 ||| INVOKING Berserk.
 28493 | Shoals:1 | Found a transporter.
 28500 | Shoals:1 | 28500 ||| READING 4 scrolls of teleportation.
 28554 | Shoals:1 | Found Ime Gir's Jewellery Boutique.
 28574 | Shoals:1 | 28574 ||| INVOKING Berserk.
 28675 | Shoals:1 | 28675 ||| BUYING +4 ring of evasion (576 gold).
 28675 | Shoals:1 | Bought a +4 ring of evasion for 576 gold pieces
 28741 | Shoals:1 | Found Ogayhoji's Gadget Gallery.
 28839 | Shoals:1 | Found a transporter.
 29013 | Shoals:1 | 29013 ||| DROPPING ring of ice.
 29014 | Shoals:1 | 29014 ||| DROPPING ring of positive energy.
 29015 | Shoals:1 | 29015 ||| UPGRADING to +4 ring of evasion.
 29017 | Shoals:1 | 29017 ||| DROPPING ring of willpower.
 29192 | Shoals:2 | 29192 ||| INVOKING Berserk.
 29288 | Shoals:2 | 29288 ||| INVOKING Berserk.
 29425 | Shoals:2 | 29425 ||| Stepping ~*~*~tactically~*~*~ (hiding).
 29446 | Shoals:2 | 29446 ||| INVOKING Berserk.
 29559 | Shoals:2 | Identified the amulet of the Invisible Xeniums {Acrobat
                  | Str+7 Int-5 Stlth-}
 29635 | Shoals:2 | 29635 ||| Stepping ~*~*~tactically~*~*~ (hiding).
 29637 | Shoals:2 | 29637 ||| Stepping ~*~*~tactically~*~*~ (hiding).
 29769 | Shoals:2 | 29769 ||| INVOKING Berserk.
 29979 | Shoals:2 | Found Bahram Gur's Dragon-Slaying Spoils.
 29986 | Shoals:2 | 29986 ||| BUYING +0 fire dragon scales (1140 gold).
 29986 | Shoals:2 | Bought +0 fire dragon scales for 1140 gold pieces
 29986 | Shoals:2 | 29986 ||| SHOPLISTING +0 shadow dragon scales (1520 gold,
                  | have 683).
 29986 | Shoals:2 | 29986 ||| SHOPLISTING +1 ice dragon scales (1273 gold, have
                  | 683).
 29986 | Shoals:2 | 29986 ||| SHOPLISTING +2 gold dragon scales (1748 gold,
                  | have 683).
 29986 | Shoals:2 | 29986 ||| SHOPLISTING +2 pearl dragon scales (2059 gold,
                  | have 683).
 30008 | Shoals:2 | 30008 ||| INVOKING Trog's Hand.
 30009 | Shoals:2 | 30009 ||| INVOKING Brothers in Arms.
 30056 | Shoals:2 | 30056 ||| INVOKING Berserk.
 30184 | Shoals:2 | 30184 ||| FLEEEEING.
 30215 | Shoals:2 | 30215 ||| INVOKING Berserk.
 30536 | Shoals:2 | 30536 ||| INVOKING Berserk.
 31064 | Shoals:3 | 31064 ||| INVOKING Trog's Hand.
 31071 | Shoals:3 | 31071 ||| INVOKING Berserk.
 31360 | Shoals:3 | Noticed a kraken
 31369 | Shoals:3 | Killed a kraken
 31370 | Shoals:3 | Reached XP level 17. HP: 66/108 MP: 17/17
 31647 | Shoals:3 | 31647 ||| Stepping ~*~*~tactically~*~*~ (hiding).
 31692 | Shoals:3 | 31692 ||| INVOKING Berserk.
 31877 | Shoals:3 | 31877 ||| Stepping ~*~*~tactically~*~*~ (hiding).
 32259 | Shoals:3 | 32259 ||| READING scroll of brand weapon.
 32259 | Shoals:3 | 32259 ||| BRANDING +4 broad axe of freezing.
 32493 | Shoals:3 | 32493 ||| PLANNING SNAKE:1-3
 32493 | Shoals:3 | 32493 ||| DROPPING ring of see invisible.
 32601 | Snake:1  | Entered Level 1 of the Snake Pit
 32611 | Snake:1  | 32611 ||| INVOKING Berserk.
 32659 | Snake:1  | 32659 ||| Stepping ~*~*~tactically~*~*~ (stealth).
 32677 | Snake:1  | Reached skill level 18 in Axes
 32778 | Snake:1  | Found Narusod's Book Shoppe.
 32819 | Snake:1  | You are sucked into a shaft and drop 1 floor!
 32878 | Snake:2  | 32878 ||| Stepping ~*~*~tactically~*~*~ (hiding).
 32907 | Snake:2  | 32907 ||| Stepping ~*~*~tactically~*~*~ (hiding).
 33164 | Snake:1  | Found Mixas's Distillery.
 33173 | Snake:1  | 33173 ||| BUYING 2 potions of curing (102 gold).
 33173 | Snake:1  | Bought 2 potions of curing for 102 gold pieces
 33173 | Snake:1  | 33173 ||| BUYING potion of curing (51 gold).
 33173 | Snake:1  | Bought a potion of curing for 51 gold pieces
 33173 | Snake:1  | 33173 ||| BUYING potion of haste (170 gold).
 33173 | Snake:1  | Bought a potion of haste for 170 gold pieces
 33173 | Snake:1  | 33173 ||| BUYING potion of haste (170 gold).
 33173 | Snake:1  | Bought a potion of haste for 170 gold pieces
 33173 | Snake:1  | 33173 ||| BUYING potion of haste (170 gold).
 33173 | Snake:1  | Bought a potion of haste for 170 gold pieces
 33173 | Snake:1  | 33173 ||| BUYING potion of might (68 gold).
 33173 | Snake:1  | Bought a potion of might for 68 gold pieces
 33182 | Snake:1  | Found Ceavav's Jewellery Emporium.
 33183 | Snake:1  | Found Goumumei's Book Shop.
 33184 | Snake:1  | Found Buteosie's Jewellery Emporium.
 33196 | Snake:1  | 33196 ||| SHOPLISTING ring "Huxzytea" {rF- Will- rCorr
                  | Str+9 SInv} (529 gold, have 60).
 33427 | Snake:1  | 33427 ||| Stepping ~*~*~tactically~*~*~ (hiding).
 33723 | Snake:1  | Found Gatsal's Antique Armour Boutique.
 33743 | Snake:1  | 33743 ||| READING scroll of enchant armour.
 33743 | Snake:1  | 33743 ||| ENCHANTING +0 pair of gloves.
 33750 | Snake:1  | 33750 ||| SHOPLISTING ice dragon scales (1920 gold, have
                  | 96).
 33884 | Snake:1  | 33884 ||| Stepping ~*~*~tactically~*~*~ (hiding).
 33885 | Snake:1  | 33885 ||| Stepping ~*~*~tactically~*~*~ (hiding).
 33887 | Snake:1  | 33887 ||| INVOKING Berserk.
 33998 | Snake:1  | Found Naopia's Armour Emporium.
 34005 | Snake:1  | 34005 ||| SHOPLISTING +1 plate armour of fire resistance
                  | (560 gold, have 123).
 34005 | Snake:1  | 34005 ||| SHOPLISTING +2 pair of boots of rampaging (344
                  | gold, have 123).
 34170 | Snake:2  | 34170 ||| STAIRDANCE
 34230 | Snake:2  | Noticed Aizul
 34231 | Snake:2  | 34231 ||| INVOKING Trog's Hand.
 34232 | Snake:2  | 34232 ||| INVOKING Brothers in Arms.
 34234 | Snake:2  | 34234 ||| INVOKING Berserk.
 34252 | Snake:2  | Killed Aizul
 34409 | Snake:2  | 34409 ||| Stepping ~*~*~tactically~*~*~ (hiding).
 34564 | Snake:2  | 34564 ||| INVOKING Berserk.
 34577 | Snake:2  | 34577 ||| INVOKING Brothers in Arms.
 34578 | Snake:2  | 34578 ||| INVOKING Brothers in Arms.
 34579 | Snake:2  | 34579 ||| INVOKING Brothers in Arms.
 34714 | Snake:2  | 34714 ||| Stepping ~*~*~tactically~*~*~ (hiding).
 34721 | Snake:2  | 34721 ||| INVOKING Berserk.
 34937 | Snake:2  | 34937 ||| Stepping ~*~*~tactically~*~*~ (hiding).
 34981 | Snake:2  | Noticed Azrael
 34998 | Snake:2  | Killed Azrael
 35133 | Snake:2  | 35133 ||| Stepping ~*~*~tactically~*~*~ (hiding).
 35143 | Snake:2  | 35143 ||| INVOKING Berserk.
 35152 | Snake:2  | Reached skill level 18 in Shields
 35308 | Snake:2  | Noticed Mlioglotl
 35314 | Snake:2  | 35314 ||| INVOKING Berserk.
 35322 | Snake:2  | Killed Mlioglotl
 35824 | Snake:3  | 35824 ||| Stepping ~*~*~tactically~*~*~ (hiding).
 35825 | Snake:3  | 35825 ||| Stepping ~*~*~tactically~*~*~ (hiding).
 35891 | Snake:3  | 35891 ||| Stepping ~*~*~tactically~*~*~ (hiding).
 35894 | Snake:3  | 35894 ||| Stepping ~*~*~tactically~*~*~ (hiding).
 35913 | Snake:3  | Found a runed translucent gate.
 35913 | Snake:3  | Found a runed translucent gate.
 35913 | Snake:3  | Found a runed translucent gate.
 36057 | Snake:3  | 36057 ||| Stepping ~*~*~tactically~*~*~ (hiding).
 36058 | Snake:3  | 36058 ||| Stepping ~*~*~tactically~*~*~ (hiding).
 36059 | Snake:3  | 36059 ||| Stepping ~*~*~tactically~*~*~ (hiding).
 36062 | Snake:3  | 36062 ||| INVOKING Berserk.
 36072 | Snake:3  | Reached skill level 15 in Fighting
 36078 | Snake:3  | 36078 ||| Stepping ~*~*~tactically~*~*~ (hiding).
 36187 | Snake:3  | 36187 ||| Stepping ~*~*~tactically~*~*~ (hiding).
 36188 | Snake:3  | 36188 ||| Stepping ~*~*~tactically~*~*~ (hiding).
 36314 | Snake:3  | 36314 ||| Stepping ~*~*~tactically~*~*~ (hiding).
 36324 | Snake:3  | Reached XP level 18. HP: 119/119 MP: 18/18
 36344 | Snake:3  | 36344 ||| DROPPING +0 eveningstar of draining.
 36416 | Snake:3  | 36416 ||| Stepping ~*~*~tactically~*~*~ (hiding).
 36419 | Snake:3  | 36419 ||| INVOKING Berserk.
 36559 | Snake:3  | Identified a scroll of acquirement
 36565 | Snake:3  | 36565 ||| INVOKING Berserk.
 36721 | Snake:3  | 36721 ||| READING scroll of acquirement.
 36721 | Snake:3  | 36721 ||| ACQUIRING 764 gold pieces
 36721 | Snake:3  | Acquired 764 gold pieces
 36745 | Snake:3  | 36745 ||| Stepping ~*~*~tactically~*~*~ (stealth).
 36747 | Snake:3  | 36747 ||| Stepping ~*~*~tactically~*~*~ (hiding).
 36755 | Snake:3  | Received a gift from Trog
 36834 | Snake:3  | 36834 ||| Stepping ~*~*~tactically~*~*~ (hiding).
 37016 | Snake:3  | 37016 ||| PLANNING SHOALS:4
 37190 | Shoals:4 | Entered Level 4 of the Shoals
 37328 | Shoals:4 | 37328 ||| INVOKING Brothers in Arms.
 37329 | Shoals:4 | 37329 ||| INVOKING Berserk.
 37356 | Shoals:4 | HP: 42/178 [merfolk javelineer/javelin (7)]
 37357 | Shoals:4 | HP: 14/119 [merfolk javelineer/silver javelin (9)]
 37357 | Shoals:4 | HP: 2/119 [merfolk javelineer/javelin (9)]
 37358 | Shoals:4 | 37358 ||| READING 4 scrolls of teleportation.
 37358 | Shoals:4 | Hit by a silver javelin thrown by a merfolk javelineer

Levels and vault maps discovered:
D:1:      enne_arrival_octagon_isle, layout_basic, chequers_arboretum
D:2:      layout_loops_ring, ebering_ecumenical_altar_hall
D:3:      layout_basic, serial_shops, shop
D:4:      layout_cave_pools, minmay_overflow_temple_star_hex, serial_park,
          serial_park_tiny_1, serial_park_tiny_pond, serial_park_tiny_pond,
          serial_park_tiny_2, minmay_gold_behind_fungi, serial_bayou_crossing
D:5:      layout_loops_ring, minmay_temple_entry_statues_fountains, uniq_ijyb
D:6:      layout_gridville, minmay_fountain_box
D:7:      layout_basic, minmay_manual_mess
D:8:      layout_gridville, mainiacjoe_overflow_brackets
D:9:      layout_small_grid, enter_bailey_5
D:10:     layout_roguey, nicolae_overflow_crystal_walls, dpeg_oklobed_lair,
          amcnicky_mini_pool_small
D:11:     layout_basic, zombieorc2_lemuel, uniq_psyche
D:12:     layout_basic, uniq_josephine
D:13:     layout_roguey, tgw_sif, uniq_rupert, uniq_nessos, uniq_erolcha
D:14:     layout_long_grid, david_vaults_5, serial_rivers,
          chequers_serial_rivers_micro_b, chequers_serial_rivers_micro_c,
          chequers_serial_rivers_large_b, chequers_serial_rivers_room_a,
          chequers_serial_rivers_micro_a, chequers_serial_rivers_large_a,
          uniq_kirke
D:15:     gammafunk_enter_depths_forms, layout_loops_ring, nicolae_eternal_life
Lair:1:   layout_regular_city, nicolae_quartered_pool_super, uniq_urug,
          uniq_joseph
Lair:2:   layout_long_grid, minmay_shoals_entry_hut,
          ebering_ghost_reflecting_pool
Lair:3:   minmay_lair_venomous_thicket, layout_misc_corridors,
          guppyfry_snake_entry_island
Lair:4:   layout_gridlike, nicolae_lair_lindhole, uniq_sonja
Lair:5:   hangedman_lair_caniforms_friends, layout_hall_layers,
          hangedman_lair_in_review, slime_entry_1, serial_bayou_shore_b,
          lemuel_fruit_tree
Shoals:1: gammafunk_sealed_arena, layout_shoals, serial_shops, shop,
          nicolae_shop_gadgets
Shoals:2: layout_shoals, nicolae_shop_dragon_depot
Shoals:3: layout_shoals
Shoals:4: shoals_end_simple, layout_shoals
Snake:1:  layout_grid_maze, serial_shops, shop, shop, shop,
          nicolae_shop_temple_entry_statues_fountains, special_room,
          nicolae_coiled_stairwell_down, minmay_shop_grove
Snake:2:  layout_chambers, grunt_ministairs_3, uniq_mlioglotl, uniq_azrael,
          uniq_aizul
Snake:3:  layout_misc_corridors, nicolae_snake_horde_hoard
Orc:1:    layout_caves, serial_shops, nicolae_shop_crystal
Orc:2:    grunt_orc_cross, layout_caves, ebering_ghost_gozag

Skill      XL: |  1  2  3  4  5  6  7  8  9 10 11 12 13 14 15 16 17 18 |
---------------+-------------------------------------------------------+-----
Axes           | 3 4 5 6 7 8 9 11 12 14 16 17 18 | 18.0
Throwing       | 1 2 3 4 5 6 7 |  7.1
Fighting       | 4 6 7 9 10 11 12 13 15 | 15.0
Armour         | 3 4 6 8 9 11 12 13 14 | 14.0
Dodging        | 2 3 4 |  4.1
Shields        | 8 13 17 18 | 18.4

Action                   |  1- 3 |  4- 6 |  7- 9 | 10-12 | 13-15 | 16-18 || total
-------------------------+-------+-------+-------+-------+-------+-------++-------
Melee: Hand axe          |    76 |    19 |       |       |       |       ||    95
       War axe           |       |    88 |   209 |       |       |       ||   297
       Headbutt          |       |       |    15 |    77 |   200 |   206 ||   498
       Broad axe         |       |       |     4 |   340 |   866 |   996 ||  2206
       Punch             |       |       |     1 |     5 |       |       ||     6
       Eveningstar       |       |       |       |     1 |    23 |       ||    24
Throw: Javelin           |    20 |    20 |    23 |    70 |    76 |     3 ||   212
       Boomerang         |       |     7 |    24 |    23 |   103 |    60 ||   217
Invok: Berserk           |     2 |     2 |    12 |    20 |    33 |    28 ||    97
       Brothers in Arms  |       |       |       |       |     6 |     9 ||    15
       Trog's Hand       |       |       |       |       |     5 |     7 ||    12
  Use: Scroll            |     6 |     7 |     3 |    14 |     6 |     8 ||    44
       Potion            |       |     1 |     1 |       |     2 |     2 ||     6
 Stab: Petrifying        |       |       |       |       |     2 |       ||     2
       Petrified         |       |       |       |       |     1 |       ||     1
       Distracted        |       |       |       |       |       |     1 ||     1
Armor: Animal skin       |     8 |       |       |       |       |       ||     8
       Ring mail         |    15 |    37 |       |       |       |       ||    52
       Chain mail        |       |     5 |    44 |       |       |       ||    49
       Plate armour      |       |       |    40 |   130 |   178 |   363 ||   711
       Scale mail        |       |       |       |    32 |   209 |       ||   241
Dodge: Dodged            |    35 |    67 |   108 |   137 |   397 |   339 ||  1083
Block: Other             |       |    19 |    48 |    59 |     2 |       ||   128
       Reflection        |       |       |     2 |     1 |    29 |   113 ||   145
       Buckler           |       |       |       |       |   280 |       ||   280
       Kite shield       |       |       |       |       |   112 |       ||   112
       Tower shield      |       |       |       |       |    71 |  1156 ||  1227

Table legend:
 A = Non-vault XP
 B = Vault XP
 C = Vault XP percentage of total XP
 D = Non-vault monster count
 E = Vault monster count
 F = Vault count percentage of total count
                 A         B        C        D         E       F
            +---------+---------+-------+---------+---------+-------
      Total |  200222 |   62121 |  23.7 |     662 |     224 |  25.3
            +---------+---------+-------+---------+---------+-------
        D:1 |      24 |       0 |   0.0 |      16 |       0 |   0.0
        D:2 |      46 |       0 |   0.0 |      20 |       0 |   0.0
        D:3 |      64 |       0 |   0.0 |      12 |       0 |   0.0
        D:4 |     408 |       0 |   0.0 |      20 |       0 |   0.0
        D:5 |     647 |      36 |   5.3 |      17 |       1 |   5.6
        D:6 |    1489 |       0 |   0.0 |      26 |       0 |   0.0
        D:7 |    1991 |     124 |   5.9 |      32 |       3 |   8.6
        D:8 |    2447 |       0 |   0.0 |      11 |       0 |   0.0
        D:9 |    2928 |       6 |   0.2 |      13 |       4 |  23.5
       D:10 |    3069 |       0 |   0.0 |      14 |       0 |   0.0
       D:11 |    4534 |    1151 |  20.2 |      16 |      36 |  69.2
       D:12 |    3993 |    1542 |  27.9 |      17 |       4 |  19.0
       D:13 |    7002 |    3665 |  34.4 |      14 |       4 |  22.2
       D:14 |   14601 |    4039 |  21.7 |      31 |      10 |  24.4
       D:15 |   10959 |    4972 |  31.2 |      28 |       9 |  24.3
     Lair:1 |    5906 |    1243 |  17.4 |      21 |       2 |   8.7
     Lair:2 |    4556 |     259 |   5.4 |      19 |       1 |   5.0
     Lair:3 |    7597 |    1694 |  18.2 |      21 |      10 |  32.3
     Lair:4 |    7789 |    2643 |  25.3 |      24 |       4 |  14.3
     Lair:5 |    8793 |   18834 |  68.2 |      26 |      74 |  74.0
   Shoals:1 |   18617 |       0 |   0.0 |      38 |       0 |   0.0
   Shoals:2 |   14550 |       0 |   0.0 |      31 |       0 |   0.0
   Shoals:3 |   13517 |       0 |   0.0 |      26 |       0 |   0.0
   Shoals:4 |    4043 |    4995 |  55.3 |       7 |       8 |  53.3
    Snake:1 |   12704 |     427 |   3.3 |      28 |       1 |   3.4
    Snake:2 |   17312 |    8587 |  33.2 |      29 |      15 |  34.1
    Snake:3 |   23817 |     605 |   2.5 |      42 |       2 |   4.5
      Orc:1 |    3364 |       0 |   0.0 |      26 |       0 |   0.0
      Orc:2 |    3455 |    7299 |  67.9 |      37 |      36 |  49.3
            +---------+---------+-------+---------+---------+-------
